General information
- name: BNet
- type: Ladder team game (AT/RT)
- host: Battle.net
- saver: FatManLilCoat
map: Battleground
- players: 8
- length: 42:37
- speed: Fast
- version: 1.27 W3XP
- replay type: Public
» download(246 KB)
Players
team 1 (loser)
302ForLife (
teal | 72 APM | 1328 actions | 18:28)
4 Tauren Chieftain
2 Endurance Aura
2 Shockwave
» actions
| Assign group hotkey | 19 | |
| Basic commands | 125 | |
| Build / train | 53 | |
| ESC pressed | 1 | |
| Enter build submenu | 18 | |
| Enter hero's abilities submenu | 4 | |
| Remove unit from queue | 2 | |
| Right click | 405 | |
| Select / deselect | 209 | |
| Select group hotkey | 456 | |
| Use ability | 36 | |
1328 total
» units
| Peon | 8 | |
| Grunt | 7 | |
| Shaman | 6 | |
| Tauren | 6 | |
27 total
» upgrades
| Melee Weapons | 2 | |
| Armor | 2 | |
| Pillage | 1 | |
| Shaman Training | 2 | |
| Spiked Barricades | 1 | |
| Pulverize | 1 | |
| Reinforced Defenses | 1 | |
10 total
» buildings
| Altar of Storms | 1 | |
| Orc Burrow | 7 | |
| Barracks | 1 | |
| Voodoo Lounge | 1 | |
| War Mill | 1 | |
| Stronghold | 1 | |
| Watch Tower | 4 | |
| Spirit Lodge | 1 | |
| Fortress | 1 | |
| Tauren Totem | 2 | |
20 total
» build order
00:23 Altar of Storms
00:30 Orc Burrow
01:06 Barracks
01:24 Orc Burrow
02:05 Voodoo Lounge
02:43 Orc Burrow
03:01 War Mill
04:24 Stronghold
05:23 Watch Tower
05:25 Orc Burrow
06:51 Spirit Lodge
06:59 Watch Tower
07:01 Orc Burrow
08:11 Fortress
08:15 Watch Tower
08:17 Watch Tower
09:51 Orc Burrow
10:36 Tauren Totem
10:42 Tauren Totem
15:53 Orc Burrow
» items
| Healing Salve | 2 | |
| Scroll of Speed | 1 | |
| Scroll of Town Portal | 1 | |
4 total
bigmanonaboat (
purple | 97 APM | 4116 actions | 42:36)
10 Blademaster
3 Wind Walk
3 Critical Strike
1 Bladestorm
3 Mirror Image
» actions
| Assign group hotkey | 132 | |
| Basic commands | 31 | |
| Build / train | 129 | |
| Enter build submenu | 64 | |
| Enter hero's abilities submenu | 11 | |
| Give item / drop item | 18 | |
| Right click | 1784 | |
| Select / deselect | 441 | |
| Select group hotkey | 1212 | |
| Use ability | 294 | |
4116 total
» units
| Peon | 13 | |
| Grunt | 10 | |
| Forest Troll Berserker | 1 | |
| Forest Troll Shadow Priest | 1 | |
| Troll Headhunter/Berserker | 5 | |
| Kodo Beast | 1 | |
| Wind Rider | 3 | |
34 total
» upgrades
| Berserker Strength | 1 | |
| Armor | 3 | |
| Ranged Weapons | 3 | |
| War Drums Damage Increase | 1 | |
| Berserker Upgrade | 1 | |
| Reinforced Defenses | 1 | |
| Pillage | 1 | |
| Troll Regeneration | 1 | |
| Envenomed Spears | 1 | |
| Spiked Barricades | 5 | |
| Liquid Fire | 1 | |
| Ensnare | 1 | |
| Melee Weapons | 3 | |
| Backpack | 1 | |
| Burning Oil | 1 | |
25 total
» buildings
| Orc Burrow | 7 | |
| Altar of Storms | 1 | |
| Barracks | 1 | |
| Voodoo Lounge | 1 | |
| Stronghold | 4 | |
| War Mill | 1 | |
| Beastiary | 4 | |
| Fortress | 3 | |
| Watch Tower | 35 | |
| Great Hall | 2 | |
59 total
» build order
00:03 Orc Burrow
00:06 Orc Burrow
00:53 Altar of Storms
01:26 Barracks
01:52 Voodoo Lounge
02:31 Orc Burrow
04:12 Stronghold
04:12 Stronghold
04:12 Stronghold
05:37 War Mill
06:03 Orc Burrow
07:29 Beastiary
08:56 Fortress
08:56 Fortress
09:22 Watch Tower
10:12 Great Hall
10:14 Watch Tower
10:20 Watch Tower
11:10 Watch Tower
11:11 Watch Tower
11:16 Watch Tower
11:35 Watch Tower
11:54 Beastiary
11:58 Watch Tower
12:06 Watch Tower
12:43 Orc Burrow
12:54 Watch Tower
13:43 Beastiary
13:47 Watch Tower
13:48 Watch Tower
14:31 Watch Tower
17:33 Beastiary
18:39 Watch Tower
18:40 Watch Tower
18:42 Watch Tower
18:52 Watch Tower
18:53 Watch Tower
18:54 Watch Tower
19:01 Watch Tower
19:05 Watch Tower
19:06 Watch Tower
19:06 Watch Tower
22:44 Orc Burrow
27:13 Great Hall
27:15 Watch Tower
27:16 Watch Tower
29:47 Watch Tower
29:48 Watch Tower
29:48 Watch Tower
29:50 Watch Tower
29:51 Watch Tower
29:56 Watch Tower
29:57 Watch Tower
29:58 Watch Tower
29:59 Watch Tower
30:01 Watch Tower
31:19 Orc Burrow
» items
| Healing Salve | 5 | |
| Lesser Clarity Potion | 5 | |
| Boots of Speed | 1 | |
| Orb of Corruption | 1 | |
| Potion of Invisibility | 1 | |
| Potion of Lesser Invulnerability | 1 | |
| Staff of Teleportation | 1 | |
| Potion of Mana | 2 | |
| Scroll of Town Portal | 1 | |
| Tiny Great Hall | 1 | |
| Orb of Lightning | 1 | |
20 total
FOXy (
red | 60 APM | 1101 actions | 18:29)
3 Death Knight
2 Death Coil
1 Unholy Aura
3 Lich
2 Frost Nova
1 Frost Armor
» actions
| Basic commands | 10 | |
| Build / train | 52 | |
| Enter build submenu | 15 | |
| Enter hero's abilities submenu | 6 | |
| Remove unit from queue | 1 | |
| Right click | 658 | |
| Select / deselect | 316 | |
| Use ability | 43 | |
1101 total
» units
| Acolyte | 2 | |
| Ghoul | 2 | |
| Crypt Fiend | 15 | |
| Obsidian Statue | 5 | |
| Abomination | 1 | |
25 total
» upgrades
| Creature Attack | 2 | |
| Web | 1 | |
| Creature Carapace | 2 | |
| Destroyer Form | 1 | |
6 total
» buildings
| Graveyard | 1 | |
| Crypt | 1 | |
| Altar of Darkness | 1 | |
| Ziggurat | 6 | |
| Tomb of Relics | 2 | |
| Nerubian Tower | 1 | |
| Halls of the Dead | 1 | |
| Spirit Tower | 1 | |
| Slaughterhouse | 1 | |
| Black Citadel | 1 | |
16 total
» build order
00:20 Graveyard
00:24 Crypt
00:44 Altar of Darkness
00:59 Ziggurat
01:52 Ziggurat
02:33 Tomb of Relics
02:49 Nerubian Tower
04:43 Ziggurat
04:48 Halls of the Dead
06:33 Spirit Tower
08:34 Slaughterhouse
09:25 Ziggurat
10:29 Black Citadel
10:34 Ziggurat
12:45 Ziggurat
15:41 Tomb of Relics
» items
| Rod of Necromancy | 2 | |
| Dust of Appearance | 1 | |
| Scroll of Town Portal | 3 | |
6 total
thesoldierfox (
blue | 32 APM | 590 actions | 18:26)
3 Priestess of the Moon
1 Searing Arrows
2 Trueshot Aura
2 Keeper of the Grove
1 Entangling Roots
1 Force of Nature
» actions
| Build / train | 59 | |
| Enter build submenu | 14 | |
| Enter hero's abilities submenu | 5 | |
| Give item / drop item | 2 | |
| Right click | 290 | |
| Select / deselect | 177 | |
| Use ability | 43 | |
590 total
» units
| Wisp | 18 | |
| Archer | 8 | |
| Druid of the Talon | 1 | |
| Hippogryph | 8 | |
| Dryad | 3 | |
38 total
» upgrades
| Improved Bows | 1 | |
| Ultravision | 1 | |
| Abolish Magic | 1 | |
| Marksmanship | 1 | |
| Strength of the Moon | 1 | |
| Strength of the Wild | 1 | |
| Reinforced Hides | 1 | |
| Moon Armor | 1 | |
8 total
» buildings
| Altar of Elders | 1 | |
| Moon Well | 6 | |
| Ancient of War | 2 | |
| Tree of Ages | 1 | |
| Hunter's Hall | 1 | |
| Ancient of Wind | 2 | |
| Ancient of Lore | 1 | |
| Ancient of Wonders | 1 | |
| Tree of Eternity | 1 | |
16 total
» build order
00:11 Altar of Elders
00:13 Moon Well
00:29 Ancient of War
00:58 Ancient of War
01:14 Moon Well
02:25 Tree of Ages
03:47 Moon Well
04:19 Hunter's Hall
05:04 Ancient of Wind
06:05 Moon Well
06:18 Ancient of Lore
06:26 Ancient of Wonders
08:02 Tree of Eternity
12:55 Moon Well
13:16 Moon Well
16:15 Ancient of Wind
» items
| Dust of Appearance | 1 | |
| Scroll of Town Portal | 2 | |
| Orb of Venom | 1 | |
4 total
team 2 (winner)
FrankLap95 (
green | 32 APM | 1093 actions | 34:12)
4 Death Knight
2 Death Coil
2 Unholy Aura
3 Lich
2 Frost Nova
1 Dark Ritual
» actions
| Basic commands | 9 | |
| Build / train | 64 | |
| Enter build submenu | 34 | |
| Enter hero's abilities submenu | 7 | |
| Remove unit from queue | 2 | |
| Right click | 553 | |
| Select / deselect | 366 | |
| Use ability | 58 | |
1093 total
» units
| Acolyte | 11 | |
| Ghoul | 4 | |
| Crypt Fiend | 13 | |
| Obsidian Statue | 5 | |
| Frost Wyrm | 9 | |
42 total
» upgrades
» buildings
| Altar of Darkness | 2 | |
| Ziggurat | 12 | |
| Crypt | 2 | |
| Graveyard | 2 | |
| Tomb of Relics | 4 | |
| Halls of the Dead | 1 | |
| Black Citadel | 1 | |
| Sacrificial Pit | 1 | |
| Nerubian Tower | 2 | |
| Spirit Tower | 2 | |
| Slaughterhouse | 1 | |
| Boneyard | 1 | |
| Necropolis | 1 | |
32 total
» build order
00:11 Altar of Darkness
00:16 Ziggurat
00:34 Crypt
01:01 Graveyard
01:13 Ziggurat
01:28 Tomb of Relics
03:16 Halls of the Dead
04:06 Ziggurat
05:09 Ziggurat
05:39 Black Citadel
07:40 Sacrificial Pit
08:14 Nerubian Tower
08:16 Spirit Tower
09:11 Tomb of Relics
09:25 Slaughterhouse
09:36 Boneyard
10:04 Ziggurat
10:08 Ziggurat
10:37 Ziggurat
21:29 Spirit Tower
26:49 Necropolis
27:21 Altar of Darkness
27:24 Ziggurat
27:27 Ziggurat
27:37 Ziggurat
27:52 Tomb of Relics
29:52 Tomb of Relics
30:22 Ziggurat
31:25 Nerubian Tower
31:54 Ziggurat
32:58 Crypt
33:22 Graveyard
» items
| Rod of Necromancy | 1 | |
| Scroll of Town Portal | 1 | |
2 total
FatManLilCoat (
orange | 51 APM | 2160 actions | 42:37)
6 Archmage
3 Summon Water Elemental
2 Brilliance Aura
1 Mass Teleport
» actions
| Assign group hotkey | 51 | |
| Basic commands | 316 | |
| Build / train | 102 | |
| Enter build submenu | 58 | |
| Enter hero's abilities submenu | 6 | |
| Give item / drop item | 6 | |
| Right click | 637 | |
| Select / deselect | 556 | |
| Select group hotkey | 260 | |
| Use ability | 168 | |
2160 total
» units
| Peasant | 19 | |
| Footman | 4 | |
| Dragonhawk Rider | 11 | |
| Gryphon Rider | 4 | |
| Acolyte | 1 | |
39 total
» upgrades
| Lumber Harvesting | 2 | |
| Masonry | 3 | |
| Animal War Training | 1 | |
| Cloud | 1 | |
| Swords | 3 | |
| Armor | 3 | |
| Storm Hammers | 1 | |
| Long Rifles | 1 | |
| Defend | 1 | |
| Gunpowder | 3 | |
| Plating | 3 | |
| Sorceress Training | 2 | |
| Priest Training | 2 | |
| Flak Cannons | 1 | |
| Flying Machine Bombs | 1 | |
| Fragmentation Shards | 1 | |
| Flare | 1 | |
| Barrage | 1 | |
31 total
» buildings
| Altar of Kings | 1 | |
| Barracks | 1 | |
| Farm | 8 | |
| Scout Tower | 36 | |
| Arcane Vault | 2 | |
| Arcane Tower | 2 | |
| Keep | 1 | |
| Lumber Mill | 3 | |
| Guard Tower | 6 | |
| Gryphon Aviary | 4 | |
| Castle | 1 | |
| Blacksmith | 2 | |
| Town Hall | 3 | |
| Arcane Sanctum | 2 | |
| Workshop | 2 | |
74 total
» build order
00:37 Altar of Kings
00:38 Barracks
00:49 Farm
00:51 Farm
01:04 Farm
01:37 Farm
02:00 Scout Tower
02:41 Arcane Vault
03:14 Arcane Tower
03:41 Keep
03:54 Lumber Mill
06:42 Scout Tower
06:42 Scout Tower
06:43 Scout Tower
06:44 Scout Tower
07:29 Guard Tower
07:40 Scout Tower
07:40 Scout Tower
07:41 Scout Tower
07:41 Scout Tower
08:18 Guard Tower
08:19 Gryphon Aviary
08:19 Gryphon Aviary
08:20 Gryphon Aviary
08:21 Gryphon Aviary
09:09 Castle
09:14 Farm
09:15 Farm
09:18 Blacksmith
09:43 Blacksmith
09:48 Lumber Mill
09:51 Scout Tower
10:18 Farm
11:29 Arcane Tower
13:57 Town Hall
16:08 Town Hall
16:11 Scout Tower
16:11 Scout Tower
16:12 Scout Tower
16:12 Scout Tower
16:23 Scout Tower
16:28 Scout Tower
16:28 Scout Tower
16:29 Scout Tower
16:40 Scout Tower
16:40 Scout Tower
16:41 Scout Tower
16:41 Scout Tower
16:43 Scout Tower
16:44 Scout Tower
17:15 Guard Tower
17:17 Guard Tower
18:21 Guard Tower
18:45 Arcane Vault
19:02 Scout Tower
19:04 Scout Tower
19:05 Scout Tower
19:05 Scout Tower
19:06 Scout Tower
19:07 Scout Tower
19:08 Scout Tower
19:11 Scout Tower
19:11 Scout Tower
19:12 Scout Tower
19:13 Scout Tower
19:14 Scout Tower
20:28 Town Hall
21:16 Guard Tower
27:33 Lumber Mill
29:48 Arcane Sanctum
29:50 Arcane Sanctum
29:53 Workshop
29:56 Workshop
40:54 Farm
» items
| Scroll of Regeneration | 5 | |
| Mechanical Critter | 2 | |
| Scroll of Town Portal | 1 | |
| Staff of Sanctuary | 1 | |
| Staff of Teleportation | 1 | |
| Periapt of Vitality | 1 | |
| Potion of Healing | 1 | |
12 total
LOTR-OR-GOT (
yellow | 45 APM | 1917 actions | 42:36)
4 Blademaster
2 Wind Walk
2 Critical Strike
4 Shadow Hunter
2 Hex
2 Healing Wave
» actions
| Assign group hotkey | 47 | |
| Basic commands | 117 | |
| Build / train | 68 | |
| Enter build submenu | 23 | |
| Enter hero's abilities submenu | 8 | |
| Give item / drop item | 4 | |
| Remove unit from queue | 3 | |
| Right click | 775 | |
| Select / deselect | 298 | |
| Select group hotkey | 468 | |
| Use ability | 105 | |
1917 total
» units
| Peon | 15 | |
| Wind Rider | 7 | |
| Troll Batrider | 3 | |
| Raider | 2 | |
27 total
» upgrades
| Reinforced Defenses | 1 | |
| Envenomed Spears | 1 | |
| Ranged Weapons | 2 | |
| Armor | 2 | |
| Liquid Fire | 1 | |
7 total
» buildings
| Altar of Storms | 1 | |
| Orc Burrow | 6 | |
| War Mill | 1 | |
| Voodoo Lounge | 2 | |
| Watch Tower | 9 | |
| Stronghold | 1 | |
| Beastiary | 3 | |
| Fortress | 1 | |
| Great Hall | 1 | |
25 total
» build order
00:06 Altar of Storms
00:20 Orc Burrow
00:37 War Mill
01:16 Voodoo Lounge
01:20 Voodoo Lounge
01:53 Watch Tower
02:08 Watch Tower
02:35 Watch Tower
03:34 Stronghold
03:36 Watch Tower
04:21 Watch Tower
04:34 Watch Tower
04:37 Orc Burrow
04:37 Orc Burrow
05:53 Orc Burrow
06:21 Beastiary
06:27 Beastiary
06:44 Fortress
09:37 Watch Tower
09:41 Watch Tower
10:51 Watch Tower
12:31 Orc Burrow
13:23 Orc Burrow
19:04 Great Hall
21:33 Beastiary
» items
| Healing Salve | 2 | |
| Lesser Clarity Potion | 3 | |
| Staff of Teleportation | 2 | |
| Scroll of Town Portal | 4 | |
| Potion of Mana | 1 | |
| Tiny Great Hall | 1 | |
| Orb of Lightning | 1 | |
| Potion of Healing | 3 | |
17 total
rush_bane (
pink | 76 APM | 3236 actions | 42:36)
4 Priestess of the Moon
2 Trueshot Aura
1 Searing Arrows
1 Scout
3 Dark Ranger
1 Silence
2 Black Arrow
» actions
| Assign group hotkey | 27 | |
| Basic commands | 12 | |
| Build / train | 67 | |
| ESC pressed | 1 | |
| Enter build submenu | 24 | |
| Enter hero's abilities submenu | 7 | |
| Give item / drop item | 3 | |
| Right click | 1287 | |
| Select / deselect | 425 | |
| Select group hotkey | 1279 | |
| Use ability | 104 | |
3236 total
» units
| Wisp | 14 | |
| Archer | 7 | |
| Dryad | 10 | |
| Druid of the Claw | 6 | |
| Glaive Thrower | 2 | |
39 total
» upgrades
| Strength of the Wild | 1 | |
| Reinforced Hides | 1 | |
| Abolish Magic | 1 | |
| Druid of the Claw Training | 2 | |
| Nature's Blessing | 1 | |
| Mark of the Claw | 1 | |
7 total
» buildings
| Moon Well | 8 | |
| Ancient of War | 1 | |
| Altar of Elders | 1 | |
| Ancient of Wonders | 1 | |
| Tree of Ages | 1 | |
| Hunter's Hall | 1 | |
| Ancient of Lore | 2 | |
| Tree of Eternity | 1 | |
| Ancient Protector | 7 | |
| Tree of Life | 1 | |
24 total
» build order
00:15 Moon Well
00:32 Ancient of War
00:51 Altar of Elders
01:18 Moon Well
02:55 Ancient of Wonders
04:24 Moon Well
04:27 Tree of Ages
04:52 Hunter's Hall
07:16 Ancient of Lore
07:26 Ancient of Lore
07:30 Moon Well
09:15 Moon Well
09:48 Tree of Eternity
09:52 Moon Well
16:31 Moon Well
19:27 Moon Well
25:45 Ancient Protector
25:47 Ancient Protector
25:52 Ancient Protector
26:11 Ancient Protector
26:15 Ancient Protector
26:20 Ancient Protector
27:07 Ancient Protector
29:44 Tree of Life
» items
| Scroll of Healing | 1 | |
| Circlet of Nobility | 1 | |
| Scroll of Town Portal | 3 | |
| Periapt of Vitality | 1 | |
| Moonstone | 1 | |
| Potion of Healing | 1 | |
| Orb of Lightning | 2 | |
10 total
Chat log
(00:09 / All) FOXy: glhf
(00:46 / Allies) FrankLap95: gold if possible
(01:04 / Allies) FrankLap95: ty
(01:28 / All) LOTR-OR-GOT: who is getting horizon zero dawn
(01:34 / All) bigmanonaboat: not me
(01:34 / All) FOXy: whats that
(01:37 / All) bigmanonaboat: but I don't know anything about it eithert
(01:43 / All) LOTR-OR-GOT: or the new zelda BOTW
(02:19 / All) FOXy: i havent bought nintindo since gameboy color
(02:35 / All) rush_bane: they allow colors to play gameboy now?
(02:41 / All) rush_bane: trump will stop that
(03:01 / All) LOTR-OR-GOT: damn im slow
(03:02 / All) LOTR-OR-GOT: blue
(03:20 / All) LOTR-OR-GOT: fucking hacker lol
(03:31 / All) rush_bane: blue hacks blue hacks
(03:37 / Allies) FrankLap95: how
(03:44 / All) LOTR-OR-GOT: he goes exactly where my bm goes
(03:47 / All) LOTR-OR-GOT: tk him u guys
(03:58 / Allies) FrankLap95: coming pink
(03:58 / All) FOXy: he doesnt hack
(03:59 / All) LOTR-OR-GOT: nvm
(04:08 / All) LOTR-OR-GOT: red, he followed my bm literally every footstep
(04:34 / Allies) rush_bane: what are you all getttttttting
(04:41 / Allies) FrankLap95: FIEND WYRM
(04:48 / All) thesoldierfox: come back hacker
(05:35 / All) LOTR-OR-GOT: tking u from now on red
(05:38 / All) LOTR-OR-GOT: blue is obviously hacker
(05:51 / All) FOXy: i dont know if he is or not
(05:52 / All) thesoldierfox: just like you
(05:59 / All) LOTR-OR-GOT: he followed my
(06:03 / All) LOTR-OR-GOT: footsteps to a point u retard
(06:04 / All) FOXy: sucks
(06:06 / All) FOXy: sorry
(06:37 / Allies) LOTR-OR-GOT: lets hit blue?
(06:57 / Allies) FrankLap95: wood
(07:14 / All) LOTR-OR-GOT: and why do u even care bout ur record, red. ur 20-22
(07:14 / Allies) FrankLap95: i need wood if possible
(07:20 / All) LOTR-OR-GOT: be a man
(07:29 / All) FOXy: why must it be me
(07:30 / All) FOXy: lol?
(07:37 / All) LOTR-OR-GOT: ur showing to me ur competent
(07:44 / All) FOXy: i have a life i dont have time
(07:45 / All) FOXy: lol
(07:54 / All) LOTR-OR-GOT: if u play with hackers
(07:55 / All) FOXy: i want to make use of the games i play
(07:57 / All) LOTR-OR-GOT: u need to tk
(07:58 / All) FOXy: sorry buddy
(08:04 / All) LOTR-OR-GOT: u dont have a life fool. ur playing with a hacker
(08:46 / All) FOXy: its a 15 year old game
(08:50 / All) FOXy: let it go
(08:50 / All) FOXy: lol
(08:54 / All) LOTR-OR-GOT: stfu nigger
(08:57 / All) LOTR-OR-GOT: ur gonna get tked now
(09:03 / All) FOXy: :(
(09:21 / Allies) FatManLilCoat: lumber
(09:47 / Allies) LOTR-OR-GOT: lets hit
(09:48 / Allies) LOTR-OR-GOT: blue
(09:53 / Allies) LOTR-OR-GOT: why do u guys keep doin gnoting
(10:54 / Allies) FrankLap95: buying tp
(11:16 / Allies) FatManLilCoat: gold
(11:17 / Allies) FrankLap95: meet
(11:49 / Allies) LOTR-OR-GOT: tp
(11:50 / Allies) LOTR-OR-GOT: to oj
(12:22 / All) LOTR-OR-GOT: lol
(12:45 / Allies) FrankLap95: hit
(12:58 / Allies) LOTR-OR-GOT: pink
(13:00 / Allies) LOTR-OR-GOT: fucking go with them
(14:56 / Allies) rush_bane: dead
(16:01 / Allies) LOTR-OR-GOT: HIT BLUE
(16:02 / Allies) LOTR-OR-GOT: BLUE
(16:27 / Allies) LOTR-OR-GOT: GOOGOG
(16:34 / Allies) LOTR-OR-GOT: focus red dk
(17:30 / All) FOXy: purple4k
(17:41 / All) LOTR-OR-GOT: fuck off
(17:42 / All) LOTR-OR-GOT: faggot
(17:45 / All) bigmanonaboat: Liar, I ha ve 50 food of units
(17:47 / All) bigmanonaboat: at my base
(17:51 / All) rush_bane: he gave me a free tp
(17:53 / All) bigmanonaboat: exactly teal
(17:54 / All) rush_bane: dont complain
(18:03 / All) bigmanonaboat: you should be thankful for that pink
(18:12 / All) bigmanonaboat: desperate measures for invisibility from the shop when you low on mana
(18:16 / All) LOTR-OR-GOT: hacking faggot blue
(18:16 / All) rush_bane: i am told them to leave you be
(18:17 / All) bigmanonaboat: had to buy invis pot for bm and drop it
(18:28 / All) LOTR-OR-GOT: leave niggers
(18:30 / All) LOTR-OR-GOT: leave
(18:33 / All) bigmanonaboat: LOL
(18:33 / All) FatManLilCoat: rape
(18:34 / All) bigmanonaboat: PUSSIES
(18:43 / All) LOTR-OR-GOT: watch replay so obvious they hacked
(20:14 / All) FatManLilCoat: I hate fiend bots
(20:20 / All) LOTR-OR-GOT: me 2
(20:24 / All) LOTR-OR-GOT: and obvious hackers like blue
(20:35 / All) rush_bane: why jhack on 15 yr old game
(20:46 / Allies) FatManLilCoat: lumbers?
(21:51 / All) bigmanonaboat: raped
(21:56 / All) FrankLap95: lol
(22:03 / Allies) FrankLap95: gold plz
(22:10 / Allies) FrankLap95: no more units in gold
(22:23 / Allies) FrankLap95: yellow give 1000
(22:25 / Allies) FrankLap95: plz
(22:37 / Allies) FrankLap95: have no more mine
(22:48 / Allies) LOTR-OR-GOT: ur good
(22:49 / Allies) FrankLap95: guys give me gold fuck
(23:00 / Allies) LOTR-OR-GOT: creep man
(23:02 / Allies) LOTR-OR-GOT: get items
(23:03 / Allies) LOTR-OR-GOT: sell them
(23:04 / Allies) FrankLap95: i have no gold
(23:07 / Allies) LOTR-OR-GOT: u need 255 gold
(23:09 / Allies) FrankLap95: my hero dead
(23:13 / Allies) FrankLap95: no more gold mine
(23:17 / Allies) LOTR-OR-GOT: u only need ur lich
(23:19 / Allies) LOTR-OR-GOT: to creep
(23:27 / Allies) FrankLap95: why u guys dont finish the game fuck
(23:43 / All) rush_bane: really
(23:48 / Allies) FrankLap95: just give me gold fuck
(23:51 / Allies) FrankLap95: we will lose
(23:52 / All) LOTR-OR-GOT: pink wtf...
(23:57 / All) bigmanonaboat: pink tker?
(23:59 / Allies) FrankLap95: give gpolddddddd
(24:04 / Allies) rush_bane: other way around
(24:16 / Allies) FrankLap95: yellow give gold or we will lose
(24:27 / Allies) FatManLilCoat: raped lol
(24:34 / Allies) FrankLap95: 100 omg
(24:39 / Allies) FrankLap95: u kidding right?
(24:43 / All) LOTR-OR-GOT: there man
(24:45 / All) LOTR-OR-GOT: u have enough to build
(24:50 / Allies) FrankLap95: u have 6k fuck
(24:52 / Allies) FrankLap95: i cant
(25:01 / All) rush_bane: bunch of losers
(25:02 / All) LOTR-OR-GOT: pink is tking
(25:06 / Allies) FrankLap95: help
(25:14 / All) LOTR-OR-GOT: u got it green
(25:17 / All) LOTR-OR-GOT: rpe him
(25:17 / All) FatManLilCoat: pink is tk
(25:18 / All) FatManLilCoat: he got raped
(25:22 / Allies) FrankLap95: help meĆ
(25:35 / All) LOTR-OR-GOT: build back up pink
(25:36 / Allies) rush_bane: fuck you
(25:38 / Allies) FrankLap95: u guys are idiot
(25:51 / All) FatManLilCoat: pink sucks, he got stomped very easily
(25:58 / All) FatManLilCoat: and his own moon wells worked against him, what a noob
(25:58 / All) LOTR-OR-GOT: dat Bm
(26:00 / All) LOTR-OR-GOT: nasty
(26:02 / All) LOTR-OR-GOT: items
(26:17 / All) bigmanonaboat: +23 with kodo nearby
(26:28 / All) bigmanonaboat: items actually aren't that great
(26:33 / Allies) FrankLap95: we will actualy lose lol
(26:34 / All) bigmanonaboat: would be sweet with pendant of energy rather than giant belt
(26:36 / Allies) FrankLap95: i cant beleive it xd
(26:54 / All) bigmanonaboat: ty
(26:56 / Allies) FatManLilCoat: we were never in it to win it
(27:00 / Allies) FatManLilCoat: how does that make you feel
(27:01 / All) rush_bane: dont you children have lives or just stuck in parents basement
(27:12 / Allies) FatManLilCoat: what's wrong with living in the basement?
(27:15 / Allies) FatManLilCoat: it's cozy
(27:19 / All) LOTR-OR-GOT: pink rebuild
(27:23 / All) LOTR-OR-GOT: lets own purple
(28:02 / Allies) FatManLilCoat: tsk tsk
(28:03 / Allies) FatManLilCoat: very naughty
(28:04 / All) LOTR-OR-GOT: cloud works on allies wtf
(28:13 / All) FatManLilCoat: jake is a nub!
(28:24 / All) bigmanonaboat: we learned it from someone who did it on us lol
(28:27 / All) FatManLilCoat: jake doesn't even watch our replays what a scrub
(28:31 / All) bigmanonaboat: and we were shocked it worked and that he wasn't just retarded
(28:47 / All) FatManLilCoat: we laughed at him for trying it lawl
(28:52 / All) FatManLilCoat: but then he raped my towers
(28:54 / All) bigmanonaboat: yeah then went WTF
(29:22 / Allies) FrankLap95: oj gold??
(29:25 / All) LOTR-OR-GOT: it makes sense if u have a cloud of smoke it should affect all buildings under it
(29:28 / Allies) FatManLilCoat: yes I have lots of it
(29:30 / Allies) FatManLilCoat: what about it?
(29:59 / Allies) LOTR-OR-GOT: pink tavern rez ill give control so u can buy
(30:42 / Allies) FrankLap95: can i have like 5k just to have some fun lol
(30:49 / Allies) FrankLap95: u guys are rich
(31:57 / Allies) rush_bane: ohh children
(32:00 / Allies) FatManLilCoat: straight up molested
(32:00 / Allies) rush_bane: get a life
(32:05 / Allies) FatManLilCoat: worst than your gay dad ever did ya
(32:16 / Allies) rush_bane: grow up
(32:18 / Allies) FrankLap95: oj plz give me some gold
(32:22 / Allies) rush_bane: afk
(32:29 / Allies) FatManLilCoat: I need it for my own war efforts, and I haven't much to spare
(32:29 / Allies) LOTR-OR-GOT: tavern rez pink
(32:37 / Allies) FrankLap95: xD
(32:45 / Allies) FrankLap95: ur not even spending it
(32:49 / Allies) FatManLilCoat: So what
(32:51 / Allies) FatManLilCoat: I'm saving it
(32:56 / Allies) FatManLilCoat: for the last battle
(33:07 / Allies) FrankLap95: this guy is going to win xd
(33:31 / Allies) FrankLap95: stop
(33:34 / Allies) FrankLap95: am ur frind
(34:16 / All) LOTR-OR-GOT: lol
(34:31 / All) FatManLilCoat: raped
(34:43 / All) FatManLilCoat: he said "stop, am ur frind"
(34:51 / All) FatManLilCoat: WAIT
(34:52 / All) bigmanonaboat: lol
(34:52 / All) FatManLilCoat: SAVE ACO
(35:01 / All) bigmanonaboat: what for
(35:02 / All) FatManLilCoat: can unsummon
(35:12 / All) bigmanonaboat: oh yeah
(36:44 / All) LOTR-OR-GOT: unkilalbe wisp
(36:49 / All) bigmanonaboat: yeah wtf
(36:59 / All) FatManLilCoat: how'd he manage that
(37:16 / All) bigmanonaboat: maybe wisp can go between those trees
(37:19 / All) bigmanonaboat: but hero can't
(37:22 / All) bigmanonaboat: so need ranged unit or air
(37:31 / All) FatManLilCoat: wisp can't either
(37:38 / All) bigmanonaboat: no idea then
(37:53 / All) LOTR-OR-GOT: gona eat after this. gonna have turky ham
(37:57 / All) LOTR-OR-GOT: with cheese
(37:59 / All) LOTR-OR-GOT: and mustard
(38:46 / All) LOTR-OR-GOT: pink stilll here. using shade
(41:02 / All) FatManLilCoat: Any last words, pinkie?
(42:33 / All) FatManLilCoat: guess not